 Dungeon Crawl Stone Soup version 0.31-a0-816-gd61d57ddb1 (webtiles) character file.

Game seed: 2928140702385117172

51 ipx the Covered (level 3, -1/29 HPs)
             Began as an Armataur Fighter on Sept 23, 2023.
             Succumbed to an orc wizard's poison
             ... on level 3 of the Dungeon.
             The game lasted 00:09:56 (723 turns).

ipx the Covered (Armataur Fighter)                   Turns: 723, Time: 00:09:57

Health: -1/29      AC:  8    Str: 23    XL:     3   Next: 57%
Magic:  3/3        EV:  6    Int:  6    God:
Gold:   45         SH:  8    Dex: 11    Spells: 2/2 levels left

rFire   + . .        a - +0 war axe
rCold   + . .        g - +0 kite shield
rNeg    + . .        b - +0 scale mail
rPois   +            (no helmet)
rElec   +            (no cloak)
rCorr   +            m - +0 pair of gloves
SInv    .            (no barding)
Will    .....        (no amulet) Stlth
                     P - ring "Pydug" {rPois rN+ Dex+2}
HPRegen 0.24/turn    (no ring)
MPRegen 0.08/turn

%: clarity, roll
@: lethally poisoned (-1 -> -23), resistant, hasted, invisible, very quick
A: large, rugged brown scales 3, deformed body, armoured tail, roll, long
tongue, awkward tongue, clarity, dopey 1, frail 1, devolution 1
a: no special abilities


You were on level 3 of the Dungeon.
You visited 1 branch of the dungeon, and saw 3 of its levels.

You collected 45 gold pieces.

Inventory:

Hand Weapons
 a - a +0 war axe (weapon)
Armour
 b - a +0 scale mail (worn)
 c - a +0 buckler
 g - a +0 kite shield (worn)
 m - a +0 pair of gloves (worn)
Jewellery
 P - the ring "Pydug" (left hand) {rPois rN+ Dex+2}
   (You found it on level 2 of the Dungeon)

   [ring of positive energy]

   Dex+2:     It affects your dexterity (+2).
   rPois:     It protects you from poison rN+: It protects you from negative
   energy.
Scrolls
 l - a scroll of brand weapon {unknown}
 n - a scroll of identify {unknown}
Potions
 d - a potion of might
 j - a potion of enlightenment {unknown}
 k - a potion of heal wounds {unknown}


   Skills:
 - Level 2.6 Fighting
 + Level 3.1 Axes
 - Level 3.6 Armour
 + Level 3.5 Shields


You had 2 spell levels left.
You didn't know any spells.
Your spell library was empty.

Dungeon Overview and Level Annotations

Branches:
Dungeon (3/15)

Altars:
Gozag

Annotations:
D:2 Sigmund


Innate Abilities, Weirdness & Mutations

You are completely covered in rugged brown scales. (AC +3, +7% HP)
Armour fits poorly on your strangely shaped body.
You have a long armoured tail.
You roll when moving toward enemies. (Rampage)
Your long tongue fully drains potion bottles. (2x potion effects)
Your tongue gives you trouble enunciating. (1.5x scroll delay)
You possess an exceptional clarity of mind.
You are dopey. (Int -2)
You are frail. (-10% HP)
You have hidden genetic defects.


Message History

You miss something. Something hits you but does no damage.
You are poisoned.
Something unexpectedly blocked you, preventing you from rolling!
You miss something.
Your tail-slap misses something.
You feel very sick. Something hits you but does no damage.
You are more poisoned.
Something hits you but does no damage.
You are more poisoned.
Something unexpectedly blocked you, preventing you from rolling!
You closely miss something.
You feel extremely sick. Something hits you.
It was a potion of invisibility.
You fade into invisibility!
You slurp down every last drop of the potion of invisibility!
You feel very sick. Something hits you.
You are lethally poisoned!
Okay, then.
Unknown command.
It was a potion of resistance.
You feel protected.
You slurp down every last drop of the potion of resistance!
* * * LOW HITPOINT WARNING * * *
You feel very sick. Something hits you but does no damage.
You are more poisoned.
It was a potion of haste.
You feel yourself speed up.
You slurp down every last drop of the potion of haste!
* * * LOW HITPOINT WARNING * * *
You feel very sick. Something hits you but does no damage.
It was a potion of mutation.
You feel extremely strange.
You feel frail.
You feel a hidden malignance growing inside you.
You feel stupid.
You feel stronger.
You feel weaker.
Your thoughts seem clearer.
You slurp down every last drop of the potion of mutation!
You die... .# .# ###+## ### .# .#...## #.# .# .#....## #.# .# .#.....# #.# .# ##.....# #.##.#####. .......## #oo.ooooo..

........#
#{########.
.......# #@#
#.....## ##.#
##...## #..#
##'## #.## #.#
#.# #.# #.# ##.##
#.# ##...#######
#.#
#..........####.#


You could see 2 orcs.

Vanquished Creatures
  An adder (D:2)
  2 worms
  An orc (D:3)
  9 ball pythons
  2 bats (D:1)
  An endoplasm (D:2)
  4 giant cockroaches (D:1)
  3 goblins (D:1)
  3 hobgoblins
  A quokka (D:1)
  3 frilled lizards (D:1)
  3 rats (D:1)
33 creatures vanquished.

Notes
Turn   | Place    | Note
-------+----------+-------------------------------------------
     0 | D:1      | ipx the Armataur Fighter began the quest for the Orb.
     0 | D:1      | Reached XP level 1. HP: 19/19 MP: 1/1
    56 | D:1      | Reached XP level 2. HP: 19/26 MP: 2/2
   271 | D:2      | Noticed Sigmund
   313 | D:1      | Reached XP level 3. HP: 18/32 MP: 3/3
   374 | D:2      | Identified the ring "Pydug" {rPois rN+ Dex+2}
   653 | D:3      | Found an opulent altar of Gozag.
   723 | D:3      | Gained mutation: You are frail. (-10% HP) [potion of
                  | mutation]
   723 | D:3      | Gained mutation: You have hidden genetic defects. [potion
                  | of mutation]
   723 | D:3      | Gained mutation: You are dopey. (Int -2) [potion of
                  | mutation]
   723 | D:3      | Gained mutation: Your muscles are strong. (Str +4, Int/Dex
                  | -1) [potion of mutation]
   723 | D:3      | Lost mutation: Your muscles are strong. (Str +4, Int/Dex
                  | -1) [potion of mutation]
   723 | D:3      | Gained mutation: You possess an exceptional clarity of
                  | mind. [potion of mutation]
   723 | D:3      | Succumbed to an orc wizard's poison

Illustrated notes

Levels and vault maps discovered:
D:1:      dpeg_arrival_concentric_ovals, layout_rooms
D:2:      layout_basic, uniq_terence, uniq_sigmund
D:3:      layout_loops_corners, mainiacjoe_overflow_two_lobes,
          nicolae_gozag_cash_rules_everything_around_me,
          dilly_guarded_unrand_throatcut

Skill      XL: |  1  2  3 |
---------------+----------+-----
Axes           | 2 3 |  3.1
Fighting       | |  2.6
Armour         | |  3.6
Shields        | |  3.5

Action                     || total
---------------------------++-------
  Melee: War axe           ||    65
         Tailslap          ||     6
    Use: Potion            ||     4
 Armour: Scale mail        ||    67
  Dodge: Dodged            ||    21
  Block: Buckler           ||     6
         Kite shield       ||    18

Table legend: (Time is in decaauts)
 A = Elapsed time spent in this place.
 B = Non-inter-level travel time spent in this place.
 C = Inter-level travel time spent in this place.
 D = Time resting spent in this place.
 E = Time spent auto-exploring this place.
 F = Levels seen in this place.
 G = Mean time per level.
                   A        B        C        D        E       F      G
               +--------+--------+--------+--------+--------+-----+--------+
         Total |    755 |    755 |      0 |      0 |      0 |   3 |  251.7 |
       Dungeon |    755 |    755 |      0 |      0 |      0 |   3 |  251.7 |
               +--------+--------+--------+--------+--------+-----+--------+

Top non-repeatable levels by time:
     D:2: 358 daAuts
     D:1: 309 daAuts
     D:3: 87 daAuts
